 Dungeon Crawl Stone Soup version 0.25-a0-353-ged6d547 (webtiles) character file.

Game seed: 2175190713760128245, levelgen mode: deterministic

24127 Birdy the Covert (level 13, 0/69 HPs)
             Began as a Vine Stalker Gladiator on Jan 3, 2020.
             Was a High Priest of Wu Jian.
             Slain by a salamander
             ... wielding a +0 spear
              (5 damage)
             ... in a volcano.
             The game lasted 00:39:53 (11654 turns).

Birdy the Covert (Vine Stalker Gladiator)          Turns: 11654, Time: 00:39:53

Health: 0/69       AC: 11    Str: 16    XL:     13   Next: 11%
Magic:  0/27       EV: 19    Int: 14    God:    Wu Jian [*****.]
Gold:   792        SH:  0    Dex: 24    Spells: 26/30 levels left

rFire    + . .     SeeInvis .   q - +2 rapier (elec)
rCold    x . .     Gourm    .   (no shield)
rNeg     . . .     Faith    .   m - +2 leather armour of the Doge {Dex+2}
rPois    .         Spirit   +   r - +2 helmet
rElec    .         Reflect  .   (no cloak)
rCorr    .         Harm     .   G - +0 pair of gloves
MR       +....                  p - +0 pair of boots
Stlth    +++++.....             (no amulet)
HPRegen  1.01/turn              s - ring of fire
MPRegen  0.20/turn              a - +6 ring of intelligence

@: no status effects
A: fangs 3, regeneration 2, magic shield, antimagic bite, no potion heal 3, rot
immunity
a: Wall Jump, Serpent's Lash, Heavenly Storm, Renounce Religion


You were in a volcano.
You worshipped Wu Jian.
Wu Jian was extremely pleased with you.
You were hungry.

You visited 3 branches of the dungeon, and saw 13 of its levels.
You also visited: Volcano.

You collected 792 gold pieces.

Inventory:

Hand Weapons
 q - a +2 rapier of electrocution (weapon)
 A - a cursed +4 war axe
Missiles
 e - 7 boomerangs (quivered)
Armour
 m - the +2 leather armour of the Doge (worn) {Dex+2}
   (You found it on level 4 of the Lair of Beasts)

   It affects your dexterity (+2).
 p - a +0 pair of boots (worn)
 r - a +2 helmet (worn)
 u - a +1 leather armour of cold resistance
 z - a +0 leather armour of magic resistance
 G - a +0 pair of gloves (worn)
Jewellery
 a - a +6 ring of intelligence (right hand)
 g - an uncursed ring of flight
 s - a ring of fire (left hand)
Wands
 t - a wand of paralysis (14)
 v - a wand of polymorph (30)
 B - a wand of scattershot (2)
 D - a wand of disintegration (11)
 E - a wand of iceblast (3)
 F - a wand of random effects (12)
Scrolls
 b - 3 scrolls of immolation
 h - 2 scrolls of fog
 l - a scroll of teleportation
 n - 5 scrolls of amnesia
 o - 5 scrolls of remove curse
Potions
 c - 2 potions of berserk rage
 d - a potion of ambrosia
 i - a potion of invisibility
 j - a potion of curing
 k - 3 potions of flight
 w - a potion of haste
 x - 2 potions of cancellation
Comestibles
 f - 30 rations
 C - 6 chunks of flesh


   Skills:
 + Level 8.3 Fighting
 + Level 8.7 Axes
 - Level 1.7 Throwing
 - Level 4.0 Armour
 + Level 8.0 Dodging
 + Level 11.4 Stealth
 + Level 9.0 Spellcasting
 + Level 7.5 Summonings


You had 26 spell levels left.
You knew the following spells:

 Your Spells              Type           Power        Failure   Level  Hunger
a - Summon Ice Beast      Ice/Summ       ###.....     28%         4    ####...

Your spell library contained the following spells:

 Spells                   Type           Power        Failure   Level  Hunger
 Freeze                   Ice            #...         14%         1    None
 Shock                    Conj/Air       #...         14%         1    None
 Swiftness                Chrm/Air       #.......     21%         2    None
 Ozocubu's Armour         Chrm/Ice       #.......     38%         3    ##.....
 Static Discharge         Conj/Air       #.......     38%         3    ##.....
 Airstrike                Air            #.........   80%         4    ####...
 Hailstorm                Conj/Ice       #.......     80%         4    ####...
 Lightning Bolt           Conj/Air       #.........   98%         5    #####..


Dungeon Overview and Level Annotations

Branches:
Dungeon (8/15)             Temple (1/1) D:4            Lair (4/6) D:8
  Snake (0/4) Lair:2      Volcano (1/1)
  Swamp: Lair:2-4    Shoals: Lair:2-4

Altars:
Ashenzari
Cheibriados
Dithmenos
Elyvilon
Fedhas
Gozag
Hepliaklqana
Kikubaaqudgha
Makhleb
Nemelex Xobeh
Okawaru
Qazlal
Ru
Sif Muna
Trog
Uskayaw
Vehumet
Wu Jian
Xom
Yredelemnul
Zin
The Shining One

Annotations:
Lair:1 3 runed translucent doors, Hutaobie's ghost, journeyman MfIE


Innate Abilities, Weirdness & Mutations

You have razor-sharp teeth.
You heal very quickly.
When hurt, damage is shared between your health and your magic reserves.
Your bite disrupts and absorbs the magic of your enemies.
Potions cannot restore your health.
You are immune to rotting.


Message History

You swap places.
The salamander barely misses you. The salamander misses you.
Your ice beast barely misses the salamander.
The salamander hits your ice beast with a +0 spear!
Your ice beast is engulfed in flames!
Your ice beast melts!
Your ice beast dies!
Evoke which item? (* to show all) (? for menu, Esc to quit)
Aiming: Scattershot
Press: ? - help, Shift-Dir - straight line, f/p - salamander mystic
Aim: a salamander mystic, wielding a +0 quarterstaff and wearing a +0 robe (black smoke, almost dead)
The burst of metal fragments hits the salamander. x4
The salamander is heavily wounded.
The salamander hits you from afar with a +0 spear!
You are engulfed in flames.
You resist.
The salamander hits you from afar with a +0 spear!
* * * LOW HITPOINT WARNING * * *
You are engulfed in flames.
You resist.
* * * LOW HITPOINT WARNING * * *
The salamander hits you from afar with a +0 spear.
You die...

###........
......≈≈≈≈≈≈≈≈.....
###....≈§§≈≈≈≈≈≈≈§....
#....≈§≈§§§§≈§≈≈≈≈...#
##....≈≈§≈§§≈§§≈≈≈...#
#....≈§§§≈≈§§§§≈≈...#
#....§≈≈≈§≈§§§≈...#
##....≈≈§N§≈§...# ###
##.#...N.NN.@....#
#§≈##Y###..###.§##...#
≈≈≈NN## #### #######.#
≈≈≈§N# ##.## ≈§§.!)#
#.#### °≈≈$.##
###.≈≈## ≈§§§§)
##..∩.≈≈# ≈≈§≈.N
#∩...≈≈§# ≈§§§§..
##...≈≈##


You could see a salamander mystic and 2 salamanders.

Vanquished Creatures
  Pikel (D:4)
  A deep elf mage (D:8)
  3 elephants (Lair:3)
  3 black mambas (Lair:2)
  5 spiny frogs
  A rime drake (Lair:3)
  4 komodo dragons
  2 polar bears (Lair:4)
  3 blink frogs (Lair:3)
  Grinder (D:6)
  3 hippogriffs
  Sigmund (D:2)
  A spriggan (D:7)
  29 yaks
  Eustachio (D:4)
  4 basilisks
  Edmund (D:6)
  2 wargs (D:8)
  14 water moccasins
  Duvessa (D:4)
  8 porcupines
  An ice beast (D:5)
  2 orc warriors
  A slave (D:4)
  A sky beast (D:8)
  4 ogres
  5 phantoms
  52 wolves
  2 centaurs
  2 crocodiles
  Blork the orc (D:4)
  6 bullfrogs
  A wyvern skeleton (D:8)
  4 scorpions
  Dowan (D:4)
  A water moccasin skeleton (D:7)
  3 wights (D:6)
  3 howler monkeys (D:8)
  A jelly (D:8)
  5 crimson imps
  A quasit (D:8)
  A centaur zombie (D:7)
  A hound (D:4)
  3 centaur skeletons
  A gnoll shaman (D:4)
  6 orc priests
  7 orc wizards
  A bullfrog skeleton (D:4)
  3 iguanas
  Terence (D:2)
  6 hell rats (Lair:2)
  7 worker ants
  A hound skeleton (D:4)
  A worker ant zombie (D:5)
  15 adders
  6 gnolls
  4 river rats (Lair:2)
  A shadow imp (D:5)
  2 oozes (D:2)
  An adder skeleton (D:8)
  3 worms (D:2)
  2 dart slugs
  4 leopard geckos
  19 orcs
  2 ball pythons
  5 giant cockroaches
  6 goblins
  7 hobgoblins
  4 jackals
  9 kobolds
  5 quokkas
  8 bats
  5 frilled lizards
  A quokka zombie (D:8)
  11 rats
345 creatures vanquished.

Vanquished Creatures (collateral kills)
  A hydra (Lair:4)
  A blink frog (Lair:3)
  2 hippogriffs (Lair:4)
  3 yaks
  3 wolves (Lair:3)
  A crocodile (Lair:3)
11 creatures vanquished.

Vanquished Creatures (others)
  A bat (D:1)
  5 fungi
  12 plants
18 creatures vanquished.

Grand Total: 374 creatures vanquished

Notes
Turn   | Place    | Note
-------+----------+-------------------------------------------
     0 | D:1      | Birdy the Vine Stalker Gladiator began the quest for the
                  | Orb.
     0 | D:1      | Reached XP level 1. HP: 11/11 MP: 2/2
   417 | D:1      | Reached XP level 2. HP: 10/15 MP: 1/3
   749 | D:1      | Reached skill level 1 in Stealth
   754 | D:1      | You fall into a shaft and drop 1 floor!
   765 | D:2      | Reached skill level 1 in Spellcasting
   765 | D:2      | Reached XP level 3. HP: 13/18 MP: 5/5
   769 | D:2      | Noticed Terence
   788 | D:2      | Killed Terence
   826 | D:2      | Reached skill level 1 in Armour
   826 | D:2      | Gained mutation: Your natural rate of healing is unusually
                  | fast. [Vine Stalker growth]
   826 | D:2      | Reached XP level 4. HP: 20/23 MP: 6/6
   896 | D:2      | Noticed Sigmund
  2117 | D:3      | Reached XP level 5. HP: 27/27 MP: 8/8
  2609 | D:4      | Reached skill level 2 in Stealth
  2709 | D:4      | Reached XP level 6. HP: 20/32 MP: 5/10
  2768 | D:4      | Noticed Duvessa
  2804 | D:4      | Noticed Blork the orc
  2833 | D:4      | Killed Blork the orc
  2947 | D:4      | Noticed a slave
  2968 | D:4      | Found a staircase to the Ecumenical Temple.
  2974 | Temple   | Entered the Ecumenical Temple
  3010 | Temple   | Became a worshipper of the Wu Jian Council
  3119 | D:4      | Gained mutation: Scrolls take you a little longer to read.
                  | [potion of mutation]
  3119 | D:4      | Gained mutation: You evolve. [potion of mutation]
  3196 | D:4      | Reached skill level 3 in Stealth
  3201 | D:4      | Noticed Pikel
  3201 | D:4      | Noticed a slave
  3329 | D:4      | Noticed Dowan
  3385 | D:4      | Noticed a slave
  3385 | D:4      | Noticed a slave
  3409 | D:4      | Killed a slave
  3442 | D:4      | Noticed Eustachio
  3502 | D:4      | Killed Eustachio
  3502 | D:4      | Reached XP level 7. HP: 12/36 MP: 4/12
  3779 | D:4      | Killed Pikel
  3779 | D:4      | Reached skill level 4 in Stealth
  3779 | D:4      | Gained mutation: You have razor-sharp teeth. [Vine Stalker
                  | growth]
  3779 | D:4      | Reached XP level 8. HP: 37/42 MP: 9/14
  3817 | D:4      | Killed Dowan
  3820 | D:4      | Killed Duvessa
  4002 | D:5      | Entered Level 5 of the Dungeon
  4110 | D:5      | Reached skill level 5 in Stealth
  4168 | D:5      | Reached * piety under Wu Jian
  4212 | D:5      | Reached XP level 9. HP: 45/46 MP: 14/16
  4318 | D:5      | Reached skill level 5 in Axes
  4621 | D:2      | Killed Sigmund
  4621 | D:2      | Reached skill level 6 in Stealth
  5081 | D:5      | Learned a level 4 spell: Summon Ice Beast
  5158 | D:6      | Noticed Grinder
  5172 | D:6      | Killed Grinder
  5251 | D:6      | Reached skill level 1 in Summonings
  5262 | D:6      | Reached skill level 5 in Dodging
  5262 | D:6      | Reached skill level 5 in Spellcasting
  5451 | D:6      | Noticed Edmund
  5473 | D:6      | Killed Edmund
  5473 | D:6      | Reached skill level 5 in Fighting
  5616 | D:6      | Lost mutation: Scrolls take you a little longer to read.
                  | [evolution]
  5696 | D:7      | Reached skill level 7 in Stealth
  5699 | D:7      | Reached XP level 10. HP: 16/51 MP: 8/19
  5800 | D:7      | Reached ** piety under Wu Jian
  6375 | D:8      | Found a staircase to the Lair.
  6492 | D:8      | Noticed a deep elf mage
  6511 | D:8      | Killed a deep elf mage
  6511 | D:8      | Reached skill level 8 in Stealth
  6572 | D:8      | Found a glowing golden altar of the Shining One.
  6620 | D:8      | Reached *** piety under Wu Jian
  6736 | D:8      | Found a stormy altar of Qazlal.
  7119 | D:8      | Found a shimmering blue altar of Sif Muna.
  7283 | Lair:1   | Entered Level 1 of the Lair of Beasts
  7283 | Lair:1   | Noticed a spiny frog
  7288 | Lair:1   | Killed a spiny frog
  7620 | Lair:1   | Reached XP level 11. HP: 50/56 MP: 17/21
  7698 | Lair:1   | Reached skill level 9 in Stealth
  7699 | Lair:1   | Reached **** piety under Wu Jian
  7726 | Lair:1   | Reached skill level 5 in Summonings
  7756 | Lair:1   | Gained mutation: You are resistant to hostile enchantments.
                  | (MR+) [evolution]
  8561 | Lair:1   | Found a runed translucent gate.
  8561 | Lair:1   | Found a runed translucent gate.
  8561 | Lair:1   | Found a runed translucent gate.
  8561 | Lair:1   | Noticed Hutaobie's ghost (journeyman MfIE)
  8964 | Lair:2   | Gained mutation: You heal very quickly. [Vine Stalker
                  | growth]
  8964 | Lair:2   | Reached XP level 12. HP: 50/63 MP: 24/24
  9197 | Lair:2   | Reached skill level 10 in Stealth
  9356 | Lair:2   | Reached ***** piety under Wu Jian
  9357 | Lair:2   | Found a staircase to the Snake Pit.
 10891 | Lair:3   | Reached skill level 11 in Stealth
 11164 | Lair:4   | Lost mutation: You are resistant to hostile enchantments.
                  | (MR+) [evolution]
 11164 | Lair:4   | Lost mutation: You evolve. [end of evolution]
 11249 | Lair:4   | Noticed a death yak
 11261 | Lair:4   | Noticed a death yak
 11261 | Lair:4   | Noticed a death yak
 11262 | Lair:4   | Noticed a death yak
 11297 | Lair:4   | Got a fine leather armour
 11308 | Lair:4   | Identified the +2 leather armour of the Doge {Dex+2} (You
                  | found it on level 4 of the Lair of Beasts)
 11367 | Lair:4   | Noticed an eight-headed hydra
 11382 | Lair:4   | Killed an eight-headed hydra
 11382 | Lair:4   | Reached XP level 13. HP: 54/68 MP: 24/26
 11601 | Lair:4   | Found a dark tunnel.
 11610 | Volcano  | Entered a volcano
 11654 | Volcano  | Slain by a salamander

Levels and vault maps discovered:
D:1:      elethiomel_arrival_maze, layout_basic
D:2:      layout_basic, first_ration, uniq_terence, uniq_sigmund
D:3:      layout_loops_cross
D:4:      layout_basic, minmay_temple_entry_overgrown, grunt_ministairs_10,
          uniq_duvessa, uniq_eustachio, uniq_blork_the_orc, uniq_pikel
D:5:      layout_gridville, st_stairs_5, hangedman_minor_gate_pass
D:6:      layout_rooms, uniq_grinder, uniq_edmund
D:7:      layout_basic, the_bakery
D:8:      minmay_curly_fans, layout_basic, overflow_temple_1_default,
          erik_lair_orcish_takeover, basic_altar, led_sif_pool
Temple:   compressed_dpeg_circular_temple
Lair:1:   layout_cave_pods, gammafunk_ghost_necromancy,
          grunt_forest_large_clearings
Lair:2:   layout_regular_city, minmay_snake_entry_six_corridors,
          kennysheep_abandoned_house
Lair:3:   layout_layer_cave, grunt_megastairs_2
Lair:4:   beast_lair_carwin_large_2, layout_misc_corridors,
          minmay_shoals_entry_hut, nicolae_volcano_entry_two_sided,
          minmay_lair_oklob_chamber, grunt_megastairs_1, uniq_josephine
Volcano:  volcano_pools

Skill      XL: |  1  2  3  4  5  6  7  8  9 10 11 12 13 |
---------------+----------------------------------------+-----
Fighting       | 2 3 4 5 6 7 8 |  8.3
Stealth        | 1 2 3 4 5 7 8 9 11 | 11.4
Spellcasting   | 1 2 3 4 5 6 7 8 9 |  9.0
Axes           | 3 4 5 6 7 8 |  8.7
Armour         | 1 2 3 4 |  4.0
Dodging        | 3 4 5 6 7 8 |  8.0
Summonings     | 2 4 5 7 |  7.5
Throwing       | |  1.7

Action                   |  1- 3 |  4- 6 |  7- 9 | 10-12 | 13-15 || total
-------------------------+-------+-------+-------+-------+-------++-------
Melee: War axe           |    66 |   205 |    55 |       |       ||   326
       Bite              |    13 |    58 |    66 |   290 |    17 ||   444
       Rapier            |       |       |   132 |   752 |    46 ||   930
       Unarmed           |       |       |    10 |       |       ||    10
Throw: Throwing net      |       |     3 |     4 |     1 |       ||     8
 Cast: Summon Ice Beast  |       |       |       |    21 |    12 ||    33
Invok: Lunge             |       |     2 |    16 |    69 |     3 ||    90
       Whirlwind         |       |       |     5 |   135 |    16 ||   156
 Abil: Wall Jump         |       |       |       |     3 |       ||     3
Evoke: Wand              |       |       |       |    11 |     2 ||    13
  Use: Potion            |     2 |     6 |       |     3 |       ||    11
       Scroll            |       |    10 |     2 |    12 |     2 ||    26
 Stab: Sleeping          |     1 |     2 |     7 |    26 |       ||    36
       Held in net/web   |       |       |     1 |       |       ||     1
       Confused          |       |       |     1 |     2 |       ||     3
       Distracted        |       |       |     1 |     8 |       ||     9
  Eat: Chunk             |       |     9 |     3 |    13 |     3 ||    28
       Ration            |       |       |     1 |     3 |       ||     4
Armor: Leather armour    |    20 |    54 |    39 |   158 |    13 ||   284
       Skin              |    11 |       |     2 |       |       ||    13
Dodge: Dodged            |    43 |   206 |   145 |   760 |    47 ||  1201

Table legend:
 A = Non-vault XP
 B = Vault XP
 C = Vault XP percentage of total XP
 D = Non-vault monster count
 E = Vault monster count
 F = Vault count percentage of total count
                 A         B        C        D         E       F
            +---------+---------+-------+---------+---------+-------
      Total |   20905 |   13563 |  39.3 |     245 |     110 |  31.0
            +---------+---------+-------+---------+---------+-------
        D:1 |      37 |       0 |   0.0 |      21 |       0 |   0.0
        D:2 |      87 |     248 |  74.0 |      26 |       2 |   7.1
        D:3 |      89 |       0 |   0.0 |      12 |       0 |   0.0
        D:4 |     294 |    1235 |  80.8 |      13 |       7 |  35.0
        D:5 |     626 |     326 |  34.2 |      20 |       7 |  25.9
        D:6 |     782 |     433 |  35.6 |      14 |       2 |  12.5
        D:7 |    1087 |     211 |  16.3 |      19 |       1 |   5.0
        D:8 |    1242 |    1477 |  54.3 |      31 |      14 |  31.1
     Lair:1 |    5034 |    4176 |  45.3 |      23 |      36 |  61.0
     Lair:2 |    2422 |    3016 |  55.5 |      12 |      34 |  73.9
     Lair:3 |    5916 |    1441 |  19.6 |      35 |       4 |  10.3
     Lair:4 |    3289 |    1000 |  23.3 |      19 |       3 |  13.6
            +---------+---------+-------+---------+---------+-------
